 Dungeon Crawl Stone Soup version 0.26-a0-597-gb535b0901c (webtiles) character file.

Game seed: 17846617541417532298

133 Lanoc the Poker (level 5, 0/41 HPs)
             Began as a Merfolk Gladiator on Sept 3, 2020.
             Killed from afar by an orc wizard (6 damage)
             ... with a magic dart
             ... on level 3 of the Dungeon.
             The game lasted 00:01:19 (1217 turns).

Lanoc the Poker (Merfolk Gladiator)                 Turns: 1217, Time: 00:01:20

Health: 0/41       AC:  5    Str: 15    XL:     5   Next: 16%
Magic:  5/5        EV: 15    Int:  7    God:
Gold:   72         SH:  0    Dex: 16    Spells: 4/4 levels left

rFire    . . .     SeeInvis .   a - +0 trident
rCold    . . .     Faith    .   (no shield)
rNeg     . . .     Spirit   .   b - +0 leather armour
rPois    .         Reflect  .   c - +0 helmet
rElec    .         Harm     .   (no cloak)
rCorr    .                      l - +0 pair of gloves
MR       .....                  (no boots)
Stlth    +.........             (no amulet)
HPRegen  0.13/turn              (no ring)
MPRegen  0.09/turn              (no ring)

@: no status effects
A: change form in water, swift swim, stealthy swim
a: no special abilities


You were on level 3 of the Dungeon.
You visited 1 branch of the dungeon, and saw 3 of its levels.

You collected 72 gold pieces.

Inventory:

Hand Weapons
 a - a +0 trident (weapon)
Missiles
 d - 3 throwing nets (quivered)
 i - 7 datura-tipped darts
Armour
 b - a +0 leather armour (worn)
 c - a +0 helmet (worn)
 l - a +0 pair of gloves (worn)
Scrolls
 f - 2 scrolls of random uselessness {unknown}
 h - a scroll of enchant weapon {unknown}
Potions
 e - a potion of curing {unknown}
 g - 2 potions of lignification {unknown}
 j - 2 potions of haste {unknown}
 k - a potion of resistance {unknown}


   Skills:
 + Level 3.4 Fighting
 * Level 6.6 Polearms
 - Level 2.0 Throwing
 + Level 5.0 Dodging


You had 4 spell levels left.
You didn't know any spells.
Your spell library was empty.

Dungeon Overview and Level Annotations

Branches:
Dungeon (3/15)

Altars:


Message History

The orc wizard is severely wounded.
The orc wizard barely misses you.
You miss the orc wizard.
The orc wizard is severely wounded.
The orc wizard gestures at you while chanting.
The magic dart hits you.
* * * LOW HITPOINT WARNING * * *
You hit the orc wizard but do no damage.
The orc wizard is severely wounded.
The orc wizard misses you.
You barely miss the orc wizard.
The orc wizard is severely wounded.
The orc wizard mumbles some strange words.
The orc wizard flickers and vanishes!
Deactivating autopickup; reactivate with Ctrl-A.
You miss something.
You hear some strange, mumbled words.
A magic dart appears from out of thin air!
The magic dart hits you.
You die...

#.............##.....##.#...##
#.###.#.#.###............#.##
.. ###...#.###.##.....##..#.#
# ............##.....##..#.#
..o....#.###....###.....#.# #
##.#...#.###.##.###.#...#.# #
...#...#......)÷...##..##.# #
# .#.#......................#
#
#o.#.##.!#####@##....##..####
# #...))...# #{##<#.###..# #
#....#.##†.# #...........# #
### #.##..#####[##..####.## #
#...†.......##..(....# #
####..#########.###..# #
........# #.# #..# # #.####..#
#.# #..# # ##.# ####.###..# #


There were no monsters in sight!

Vanquished Creatures
  An orc priest (D:3)
  Jessica (D:2)
  A worker ant zombie (D:3)
  4 adders (D:3)
  3 orcs (D:3)
  2 giant cockroaches (D:3)
  3 goblins
  3 hobgoblins
  2 jackals (D:3)
  A kobold (D:3)
  A quokka (D:3)
  2 bats (D:3)
  A frilled lizard (D:3)
  3 rats
28 creatures vanquished.

Notes
Turn   | Place    | Note
-------+----------+-------------------------------------------
     0 | D:1      | Lanoc the Merfolk Gladiator began the quest for the Orb.
     0 | D:1      | Reached XP level 1. HP: 16/16 MP: 1/1
   223 | D:2      | Noticed Jessica
   230 | D:2      | Killed Jessica
   230 | D:2      | Reached skill level 5 in Polearms
   230 | D:2      | Reached XP level 2. HP: 23/23 MP: 2/2
   230 | D:2      | Reached XP level 3. HP: 28/28 MP: 3/3
   717 | D:3      | Reached XP level 4. HP: 32/35 MP: 4/4
   870 | D:3      | Reached skill level 6 in Polearms
  1171 | D:3      | Reached skill level 5 in Dodging
  1171 | D:3      | Reached XP level 5. HP: 38/41 MP: 5/5
  1217 | D:3      | Killed from afar by an orc wizard

Illustrated notes

Levels and vault maps discovered:
D:1:      lemuel_arrival_hallway, layout_rooms, hangedman_abyss_or_decor_stabs,
          hex_intersection, hex_medium, moated_statue
D:2:      layout_basic, grunt_temple_overflow_cloverleaf,
          minmay_misc_feat_cross, uniq_natasha, uniq_jessica
D:3:      layout_loops_ring, trog_hazing_becter

Skill      XL: |  1  2  3  4 |
---------------+-------------+-----
Polearms       | 5 6 |  6.6
Fighting       | 3 |  3.4
Dodging        | 5 |  5.0
Throwing       | |  2.0

Action                   |  1- 3 |  4- 6 || total
-------------------------+-------+-------++-------
Melee: Trident           |    44 |    69 ||   113
 Stab: Sleeping          |     4 |       ||     4
Armor: Leather armour    |     4 |    13 ||    17
Dodge: Dodged            |    23 |    43 ||    66

Table legend: (Time is in decaauts)
 A = Elapsed time spent in this place.
 B = Non-inter-level travel time spent in this place.
 C = Inter-level travel time spent in this place.
 D = Time resting spent in this place.
 E = Time spent auto-exploring this place.
 F = Levels seen in this place.
 G = Mean time per level.
                   A        B        C        D        E       F      G
               +--------+--------+--------+--------+--------+-----+--------+
         Total |   1217 |   1185 |     32 |      0 |    976 |   3 |  405.7 |
       Dungeon |   1217 |   1185 |     32 |      0 |    976 |   3 |  405.7 |
               +--------+--------+--------+--------+--------+-----+--------+

Top non-repeatable levels by time:
     D:3: 911 daAuts
     D:2: 278 daAuts
     D:1: 27 daAuts
